 Dungeon Crawl Stone Soup version 0.28.0-45-g0d030f2227 (webtiles) character file.

Game seed: 17483634754311986267

0 101zpm the Magician (level 1, -2/15 HPs)
             Began as a Djinni Fire Elementalist on Apr 10, 2022.
             Slain by an endoplasm (3 damage)
             ... on level 1 of the Dungeon.
             The game lasted 00:00:44 (51 turns).

101zpm the Magician (Djinni Fire Elementalist)        Turns: 51, Time: 00:00:45

Health: -2/15      AC:  2    Str:  7    XL:     1   Next: 0%
Gold:   0          EV: 12    Int: 16    God:
                   SH:  0    Dex: 13

rFire   + + .      SeeInvis .   (no weapon)
rCold   x . .      Faith    .   (no shield)
rNeg    . . .      Spirit   .   a - +0 robe
rPois   ∞          Reflect  .   (no helmet)
rElec   .          Harm     .   (no cloak)
rCorr   .          Rampage  .   (no gloves)
Will    .....                   (boots unavailable)
Stlth   ++........              (no amulet)
HPRegen 0.05/turn               (no ring)
MPRegen 0.00/turn               (no ring)

@: flying
A: sickness immunity, fire resistance 2, cold vulnerability 1, float, innate
caster, HP casting, extra vitality 1
a: no special abilities


You were on level 1 of the Dungeon.
You visited 1 branch of the dungeon, and saw 1 of its levels.

Inventory:

Armour
 a - a +0 robe (worn)


   Skills:
 + Level 2.1 Dodging
 + Level 1.5 Stealth
 + Level 2.4 Spellcasting


You couldn't memorise any spells.
You knew the following spells:

 Your Spells              Type           Power      Damage    Failure   Level
a - Foxfire               Conj/Fire      36%        2x1d5     8%          1
b - Scorch                Fire           18%        2d5       11%         2
c - Conjure Flame         Conj/Fire      9%         6-21      22%         3
d - Inner Flame           Hex/Fire       9%         N/A       22%         3
e - Flame Wave            Conj/Fire      9%         2d5       58%         4
Your spell library was empty.

Dungeon Overview and Level Annotations

Branches:
Dungeon (1/15)

Altars:


Innate Abilities, Weirdness & Mutations

You are immune to sickness and miasma.
You are immune to poison.
Your flesh is very heat resistant. (rF++)
You are vulnerable to cold. (rC-)
You float through the air rather than walking.
You learn spells naturally, not from books.
Your magical power is your life essence.
You have superior vitality. (+4 MHP)


Message History

Okay, then.
An endoplasm comes into view.
An endoplasm is nearby!
Cast which spell? (? or * to list)
You conjure some foxfire!
The endoplasm quivers.
The foxfire hits the endoplasm.
The endoplasm is lightly wounded.
Casting: Foxfire (safe; 8% risk of failure)
Confirm with . or Enter, or press ? or * to list all spells.
You conjure some foxfire!
The foxfire hits the endoplasm.
The endoplasm is heavily wounded.
Your foxfire dissipates!
The foxfire hits the endoplasm.
The endoplasm is severely wounded.
You barely miss the endoplasm.
The endoplasm is severely wounded.
The endoplasm freezes you.
You are frozen.
You feel a terrible chill!
You hit the endoplasm but do no damage.
The endoplasm is severely wounded.
The endoplasm hits you but does no damage.
You hit the endoplasm but do no damage.
The endoplasm is severely wounded.
The endoplasm freezes you.
You are frozen!
You feel a terrible chill!
* * * LOW HITPOINT WARNING * * *
Casting: Foxfire (safe; 8% risk of failure)
Confirm with . or Enter, or press ? or * to list all spells.
You don't have enough health to cast this spell.
Casting: Foxfire (safe; 8% risk of failure)
Confirm with . or Enter, or press ? or * to list all spells.
You don't have enough health to cast this spell.
Found an escape hatch in the floor.
Found 5 gold pieces.
A frilled lizard comes into view.
The frilled lizard hisses angrily.
There is an escape hatch in the floor here.
The endoplasm hits you.
You die...

##...## #.#.#. #.....#
##......
####.....####.....#
................#
#.#.....####.#.#
#.#.....# #.# ..
#.####......## #.# ##
#...........#####.######
.......@J..............#
######.....######.......
#$l...# ######.# #..####
#.. #..# #.# #..# #.#
#..# #.# #..# #.. ###


You could see an endoplasm and a frilled lizard.

Vanquished Creatures (others)
  3 foxfires (D:1)
3 creatures vanquished.

Notes
Turn   | Place    | Note
-------+----------+-------------------------------------------
     0 | D:1      | 101zpm the Djinni Fire Elementalist began the quest for the
                  | Orb.
     0 | D:1      | Reached XP level 1. HP: 15/15 MP: 0/0
    51 | D:1      | Slain by an endoplasm

Illustrated notes

Levels and vault maps discovered:
D:1:      psy_arrival_conway, layout_loops_ring

Action                   || total
-------------------------++-------
Melee: Unarmed           ||     3
 Cast: Foxfire           ||     2
Armor: Robe              ||     1
